 Dungeon Crawl Stone Soup version 0.32-a0-842-gbbb8fdbe59 (webtiles) character file.

Game seed: 3638979770456092370

39 LDflipp the Poker (level 3, -3/28 HPs)
             Began as a Merfolk Gladiator on Mar 26, 2024.
             Slain by a cerulean imp
             ... wielding a +0 spear
             ... summoned by Natasha
              (5 damage)
             ... on level 2 of the Dungeon.
             The game lasted 00:02:42 (1081 turns).

LDflipp the Poker (Merfolk Gladiator)               Turns: 1081, Time: 00:02:43

Health: -3/28      AC:  4    Str: 14    XL:     3   Next: 45%
Magic:  3/3        EV: 12    Int:  7    God:
Gold:   70         SH:  0    Dex: 17    Spells: 2/2 levels left

rFire   . . .        a - +0 trident
rCold   . . .        (no shield)
rNeg    . . .        b - +0 leather armour
rPois   .            c - +0 helmet
rElec   .            (no cloak)
rCorr   .            (no gloves)
SInv    .            (no boots)
Will    .....        (no amulet)
Stlth   +            (no ring)
HPRegen 0.24/turn    (no ring)
MPRegen 0.08/turn

%: no passive effects
@: no status effects
A: (nimble swimmer 2), mertail
a: no special abilities


You were on level 2 of the Dungeon.
You visited 1 branch of the dungeon, and saw 2 of its levels.

You collected 70 gold pieces.

Inventory:

Hand Weapons
 a - a +0 trident (weapon)
Missiles
 d - 3 throwing nets (quivered)
 e - 7 javelins
Armour
 b - a +0 leather armour (worn)
 c - a +0 helmet (worn)
 o - a +1 hat
Jewellery
 k - an amulet of magic regeneration
Wands
 n - a wand of warping (10)
Scrolls
 f - 2 scrolls of identify {unknown}
 g - a scroll of enchant weapon {unknown}
 h - a scroll of immolation {unknown}
Potions
 i - a potion of lignification {unknown}
 j - a potion of degeneration {unknown}
 l - a potion of cancellation {unknown}
 m - a potion of mutation {unknown}


   Skills:
 + Level 2.6 Fighting
 * Level 4.8 Polearms
 + Level 2.4 Throwing
 + Level 4.4 Dodging


You had 2 spell levels left.
You didn't know any spells.
Your spell library was empty.

Dungeon Overview and Level Annotations

Branches:
Dungeon (2/15)

Altars:

Shops:
D:1 =

Annotations:
D:2 Natasha


Innate Abilities, Weirdness & Mutations

((You are very nimble when in or above water. (Stealth+, EV+, Speed+++)))
Your lower body shifts to a powerful aquatic tail in water.


Message History

You resist with significant effort. The ball python misses you.
The ball python barely misses you. The ball python completely misses you.
The ball python misses you.
The cerulean imp hits you with a +0 spear.
Natasha closely misses you.
The ball python attacks as it pursues you!
The ball python barely misses you.
The cerulean imp hits you from afar with a +0 spear.
The ball python barely misses you.
The ball python attacks as it pursues you!
The ball python closely misses you.
There is a stone staircase leading down here.
You see here a ball python corpse.
The cerulean imp completely misses you. Natasha attacks as she pursues you!
Natasha barely misses you. The ball python bites you.
The ball python grabs you. The ball python constricts you.
You escape the ball python's grasp.
Natasha attacks as she pursues you! Natasha claws you.
Natasha attacks as she pursues you! Natasha claws you!
The cerulean imp hits you from afar with a +0 spear.
* * * LOW HITPOINT WARNING * * *
Natasha closely misses you.
You hit Natasha.
Natasha is moderately wounded.
Natasha barely misses you.
The cerulean imp hits you but does no damage.
You hit Natasha.
Natasha is severely wounded.
Natasha howls an incantation.
You feel disoriented. Natasha closely misses you.
The cerulean imp hits you from afar with a +0 spear.
* * * LOW HITPOINT WARNING * * *
You barely miss Natasha.
Natasha is severely wounded.
Natasha stares at you and mumbles some strange words.
The magic dart hits you.
* * * LOW HITPOINT WARNING * * *
The cerulean imp hits you from afar with a +0 spear.
You die...

#...........
#...(.....##
#..........###
#............###
#...............
#....>..........
#...SS5.........
#####h#...###...
#@#...# ...
#.#...# ......
#.##### .....#
#..######........#
#.................
###..####...^....#
#....## #........#
#.#...###........#
#.#.#...#.........


You could see Natasha, a cerulean imp (summoned) and 2 ball pythons.

Vanquished Creatures
  A dart slug (D:2)
  4 orcs (D:2)
  2 ball pythons
  2 endoplasms
  2 giant cockroaches (D:1)
  3 goblins (D:1)
  3 hobgoblins (D:1)
  4 quokkas
  2 bats (D:1)
  2 frilled lizards
  3 kobolds (D:2)
28 creatures vanquished.

Notes
Turn   | Place    | Note
-------+----------+-------------------------------------------
     0 | D:1      | LDflipp the Merfolk Gladiator began the quest for the Orb.
     0 | D:1      | Reached XP level 1. HP: 16/16 MP: 1/1
   204 | D:1      | Reached XP level 2. HP: 20/23 MP: 2/2
   559 | D:1      | Found Xoleta's Jewellery Boutique.
   899 | D:2      | Reached XP level 3. HP: 28/28 MP: 3/3
  1067 | D:2      | Noticed Natasha
  1081 | D:2      | Slain by a cerulean imp

Illustrated notes

Levels and vault maps discovered:
D:1:      scummos_arrival_gate, layout_loops_cross, serial_shops,
          nicolae_shop_hallway_plus, nrook_campfire
D:2:      layout_basic, minmay_misc_feat_iff, uniq_robin, uniq_natasha

Action                     || total
---------------------------++-------
  Melee: Trident           ||    85
   Stab: Sleeping          ||     2
 Armour: Leather armour    ||    51
  Dodge: Dodged            ||    55

Table legend: (Time is in decaauts)
 A = Elapsed time spent in this place.
 B = Non-inter-level travel time spent in this place.
 C = Inter-level travel time spent in this place.
 D = Time resting spent in this place.
 E = Time spent auto-exploring this place.
 F = Levels seen in this place.
 G = Mean time per level.
                   A        B        C        D        E       F      G
               +--------+--------+--------+--------+--------+-----+--------+
         Total |   1088 |   1053 |     35 |      0 |    867 |   2 |  544.0 |
       Dungeon |   1088 |   1053 |     35 |      0 |    867 |   2 |  544.0 |
               +--------+--------+--------+--------+--------+-----+--------+

Top non-repeatable levels by time:
     D:1: 867 daAuts
     D:2: 220 daAuts
